 Dungeon Crawl Stone Soup version 0.31-a0-981-geadf994542 (webtiles) character file.

Game seed: 2730220108402034333

45 Dirtsage the Insei (level 3, -2/24 HPs)
             Began as an Octopode Shapeshifter on Oct 31, 2023.
             Slain by a gnoll
             ... wielding a +0 halberd
              (13 damage)
             ... on level 2 of the Dungeon.
             The game lasted 00:01:58 (810 turns).

Dirtsage the Insei (Octopode Shapeshifter)           Turns: 810, Time: 00:01:58

Health: -2/24      AC:  1    Str: 13    XL:     3   Next: 64%
Magic:  3/3        EV: 13    Int: 12    God:
Gold:   53         SH:  0    Dex: 13    Spells: 2/2 levels left

rFire   . .          .
                       - Unarmed
rCold   . . .        (no shield)
rNeg    . . .        (helmet currently unavailable)
rPois   .            (no amulet)
rElec   .            (no ring)
rCorr   .            (no ring)
SInv    .            (no ring)
Will    .....        (no ring)
Stlth   ++           (no ring)
HPRegen 0.24/turn    (no ring)
MPRegen 0.08/turn    (no ring)
                     (no ring)

%: no passive effects
@: beast-form
A: beast (slay +2), almost no armour, amphibious, 8 rings, camouflage 1,
gelatinous body 1, (nimble swimmer 1), tentacles
a: Begin Untransformation


You were on level 2 of the Dungeon.
You were a hulking beast.
You visited 1 branch of the dungeon, and saw 2 of its levels.

You collected 53 gold pieces.

Inventory:

Hand Weapons
 i - a +0 dagger
Missiles
 l - 6 curare-tipped darts
Talismans
 b - a beast talisman
 c - a flux talisman
Scrolls
 e - 2 scrolls of teleportation {unknown}
 f - 2 scrolls of identify {unknown}
 k - a scroll of fear {unknown}
 p - a scroll of poison {unknown}
 s - a scroll of butterflies {unknown}
Potions
 a - a potion of lignification
 d - a potion of brilliance {unknown}
 g - 2 potions of mutation {unknown}
 h - 2 potions of curing {unknown}
 j - 2 potions of heal wounds {unknown}
 m - a potion of degeneration {unknown}
 n - a potion of berserk rage {unknown}
 o - a potion of cancellation {unknown}
 q - a potion of enlightenment {unknown}
 r - a potion of magic {unknown}


   Skills:
 + Level 1.7 Fighting
 - Level 2.0 Dodging
 * Level 3.6 Unarmed Combat
 * Level 3.5 Shapeshifting


You had 2 spell levels left.
You didn't know any spells.
Your spell library contained the following spells:

 Spells                   Type           Power      Damage    Failure   Level
 Apportation              Tloc           0%         N/A       32%         1
 Necrotise                Necr           0%         1d4       32%         1
 Shock                    Conj/Air       0%         1d3       32%         1
 Summon Small Mammal      Summ           0%         N/A       32%         1
 Swiftness                Air            0%         N/A       69%         3
 Airstrike                Air            0%         2d(0-16)  97%         4


Dungeon Overview and Level Annotations

Branches:
Dungeon (2/15)

Altars:


Innate Abilities, Weirdness & Mutations

You are a hulking beast.
Your limbs bulge with bestial killing power. (Slay +2)
You cannot wear most types of armour.
You are amphibious.
You can wear up to eight rings at the same time.
Your skin changes colour to match your surroundings (Stealth+).
Your rubbery body absorbs attacks. (AC +1, EV +1)
((You are camouflaged when in or above water. (Stealth+)))
You have tentacles for arms and can constrict up to eight enemies at once.


Message History

The bat misses you.
You barely miss the bat. You grab the bat. You constrict the bat.
The bat closely misses you.
The bat escapes!
You tentacle-slap the bat but do no damage.
You grab the bat. You squeeze the bat.
You kill the bat!
Health restored: 24 No target in view!
You see here a bat corpse.
s - a scroll labelled EXOSKARRUTI The ball python hisses angrily.
A ball python is nearby!
The ball python barely misses you. The ball python misses you.
The ball python bites you. The ball python completely misses you.
You take 2 damage, and have 22/24 hp.
You tentacle-slap the ball python. You grab the ball python.
The ball python is severely wounded.
You constrict the ball python.
You kill the ball python!
No target in view!
A gnoll comes into view. It is wielding a +0 halberd.
Health restored: 24 A gnoll is nearby!
A gnoll is nearby!
A gnoll is nearby!
A gnoll comes into view. It is wielding a +0 club.
The gnoll shouts!
You hear a shout!
A gnoll comes into view.
It is wielding a +1 halberd of protection.
What are your orders? t - Shout!
Orders for allies: a - Attack new target. r - Retreat! s - Stop attacking. g - Guard the area. f - Follow me.
Anything else - Cancel.
You shout for attention!
The gnoll hits you from afar with a +1 halberd of protection!
Ouch! That really hurt!
The gnoll hits you from afar with a +0 halberd!
Ouch! That really hurt!
You die...

#..†.....##########
#.######## #....# ..#
#....# .######
#....####
^.....########........
..................#
.###......####...##
.###....#.######..#
###..##.....####h.#
#..####.......##g#
##.## ######....gg.
#..######### #.....#
#..........# ....#
...........# ...#
#..........# (..#
#..........# ...#
.......†...#


You could see 3 gnolls.

Vanquished Creatures
  An adder (D:2)
  3 ball pythons
  2 bats
  6 endoplasms
  2 giant cockroaches (D:1)
  3 goblins (D:1)
  3 hobgoblins
  2 quokkas (D:2)
  A frilled lizard (D:1)
  2 kobolds (D:1)
  7 rats
32 creatures vanquished.

Notes
Turn   | Place    | Note
-------+----------+-------------------------------------------
     0 | D:1      | Dirtsage the Octopode Shapeshifter began the quest for the
                  | Orb.
     0 | D:1      | Reached XP level 1. HP: 13/13 MP: 1/1
   135 | D:1      | Reached XP level 2. HP: 10/18 MP: 2/2
   438 | D:1      | Reached XP level 3. HP: 21/23 MP: 3/3
   516 | D:2      | Identified the +2 chain mail of the Orange Skies {rPois rF-
                  | rC+}
   810 | D:2      | Slain by a gnoll

Illustrated notes

Levels and vault maps discovered:
D:1:      elethiomel_arrival_quiet, layout_rooms, reono_crystal_passage
D:2:      layout_rooms

Action                     || total
---------------------------++-------
  Melee: Unarmed           ||    49
         Constrict         ||    13
         Tentacles         ||    11
         Punch             ||     1
   Stab: Sleeping          ||     5
 Armour: Skin              ||    18
  Dodge: Dodged            ||    19

Table legend: (Time is in decaauts)
 A = Elapsed time spent in this place.
 B = Non-inter-level travel time spent in this place.
 C = Inter-level travel time spent in this place.
 D = Time resting spent in this place.
 E = Time spent auto-exploring this place.
 F = Levels seen in this place.
 G = Mean time per level.
                   A        B        C        D        E       F      G
               +--------+--------+--------+--------+--------+-----+--------+
         Total |    806 |    791 |     15 |      0 |    594 |   2 |  403.0 |
       Dungeon |    806 |    791 |     15 |      0 |    594 |   2 |  403.0 |
               +--------+--------+--------+--------+--------+-----+--------+

Top non-repeatable levels by time:
     D:1: 488 daAuts
     D:2: 317 daAuts
